Map: Backwater LE

Players

IlIlIlIlIlIl

  • Race: Protoss Protoss
  • League: Grandmaster
  • Spawn Location: 11:00

lIlIlIlIlIlI - Winner!

  • Race: Terran Terran
  • League: Grandmaster
  • Spawn Location: 5:00

VOD

Have the link to the VOD?

Description

Time

  • Played on: Feb. 4, 2018, 8:10 a.m.
  • Length: 17:20
Show
View Real Time Build Order
Export as new Build Order

IlIlIlIlIlIl Protoss 

Build Orders: 1 Gate Expand, Oracle Opening, Phoenix Opening, Zealot Archon 

Get SALT Encoding   

  12  0:00  Probe  
  13  0:12  Probe  
  14  0:18  Pylon  
  14  0:24  Probe (Chrono Boost)  
  15  0:37  Probe (Chrono Boost)  
  15  0:39  Gateway  
  16  0:44  Probe (Chrono Boost)  
  16  0:46  Assimilator  
  17  0:51  Probe  
  18  1:03  Probe  
  19  1:16  Probe  
  20  1:23  Nexus  
  20  1:33  Cybernetics Core  
  20  1:35  Probe  
  20  1:39  Assimilator  
  21  1:47  Probe  
  21  1:50  Pylon  
  22  1:59  Probe  
  23  2:08  Adept (Chrono Boost)  
  23  2:11  Probe  
  26  2:18  Stargate  
  26  2:23  Probe  
  26  2:26  Adept  
  29  2:38  Probe x2 (Chrono Boost)  
  29  2:42  Warp Gate  
  31  2:48  Probe x2 (Chrono Boost)  
  33  2:53  Probe x2 (Chrono Boost)  
  33  2:56  Adept  
  37  3:01  Oracle (Chrono Boost)  
  37  3:04  Probe x2  
  42  3:08  Pylon  
  41  3:16  Probe x2  
  43  3:28  Probe x2  
  43  3:30  Phoenix  
  47  3:40  Probe x2  
  49  3:47  Nexus  
  49  3:54  Probe x2  
  49  3:55  Pylon  
  50  3:56  Phoenix  
  52  4:06  Probe x2, Pylon  
  54  4:14  Gateway  
  54  4:16  Gateway  
  54  4:21  Phoenix (Chrono Boost)  
  56  4:27  Probe x2  
  56  4:29  Assimilator  
  56  4:30  Assimilator  
  58  4:40  Twilight Council  
  58  4:43  Forge, Phoenix (Chrono Boost)  
  60  4:46  Probe  
  60  4:50  Probe  
  62  4:58  Probe  
  63  5:01  Phoenix (Chrono Boost), Probe  
  63  5:03  Probe, Charge (Chrono Boost), Pylon  
  67  5:10  Probe  
  67  5:13  Probe  
  69  5:16  Probe  
  69  5:20  Phoenix (Chrono Boost)  
  72  5:23  Probe  
  73  5:28  Zealot x2  
  73  5:29  Protoss Ground Armor Level 1 (Chrono Boost), Sentry  
  73  5:30  Probe x2  
  73  5:34  Pylon  
  73  5:35  Probe  
  82  5:41  Phoenix (Chrono Boost)  
  82  5:42  Probe x2  
  86  5:47  Probe  
  87  5:50  Assimilator  
  87  5:51  Pylon  
  87  5:54  Probe x2, Assimilator  
  89  5:59  Phoenix, Probe  
  89  6:03  Pylon  
  92  6:06  Probe x2  
  95  6:11  Probe  
  95  6:14  Gateway x2  
  95  6:18  Gateway  
  95  6:23  Gateway x2  
  95  6:25  Templar Archives  
  95  6:29  Forge  
  95  6:30  Phoenix  
  97  6:34  Probe x3  
  97  6:38  Zealot x2  
  104  6:40  Zealot  
  104  6:44  Photon Cannon  
  104  6:47  Pylon  
  106  6:53  Pylon  
  106  6:55  Pylon  
  106  7:07  Protoss Ground Weapons Level 1 (Chrono Boost)  
  106  7:08  Robotics Facility  
  106  7:09  Protoss Ground Armor Level 2 (Chrono Boost)  
  106  7:10  Zealot x3  
  112  7:16  Probe x3  
  115  7:25  High Templar x3  
  115  7:26  High Templar  
  123  7:30  Archon  
  123  7:31  Archon  
  123  7:34  Nexus  
  121  7:47  Zealot x3  
  121  7:49  Probe x2, Pylon  
  121  7:50  Probe  
  121  7:51  Pylon  
  128  7:53  Gateway, Pylon  
  128  7:55  Gateway  
  128  7:57  Warp Prism (Chrono Boost), Gateway  
  128  7:58  Gateway, Dark Shrine  
  130  8:06  Pylon  
  130  8:07  Assimilator  
  130  8:10  Probe x3  
  130  8:11  Assimilator  
  133  8:16  High Templar  
  133  8:17  High Templar x3  
  133  8:18  Zealot x2  
  143  8:20  Zealot  
  143  8:21  Archon  
  143  8:22  Archon  
  145  8:29  Zealot  
  147  8:35  Observer  
  147  8:39  Zealot x2  
  150  8:43  Zealot  
  150  8:47  Zealot  
  151  8:48  Protoss Ground Weapons Level 2 (Chrono Boost)  
  151  8:51  Zealot x6  
  151  8:55  Blink  
  163  8:57  High Templar x2  
  163  9:01  Archon  
  163  9:02  Zealot x2  
  171  9:08  Protoss Ground Armor Level 3 (Chrono Boost), Zealot  
  171  9:09  Zealot  
  175  9:12  Dark Templar  
  175  9:13  Dark Templar  
  179  9:22  Pylon  
  179  9:24  Pylon  
  179  9:41  Nexus  
  179  9:42  Pylon x2  
  179  9:49  High Templar x4, Zealot x3  
  179  9:50  Zealot x3  
  199  9:52  Archon  
  199  9:53  Archon  
  167  10:10  Zealot x4  
  167  10:11  Zealot x3  
  130  10:15  Zealot  
  130  10:20  Immortal (Chrono Boost)  
  104  10:28  Robotics Facility  
  92  10:29  Robotics Facility  
  92  10:30  Zealot  
  92  10:31  Zealot x3  
  92  10:34  Dark Templar x3  
  96  10:56  Zealot x5  
  96  10:57  Dark Templar x2, Zealot x2  
  114  11:08  Immortal (Chrono Boost), Stalker x3  
  120  11:15  Probe x4  
  104  11:27  Probe  
  104  11:29  Zealot x8  
  111  11:38  Immortal (Chrono Boost)  
  109  11:42  Immortal (Chrono Boost)  
  109  11:43  Immortal (Chrono Boost)  
  103  11:54  High Templar x3  
  103  11:55  High Templar x5  
  103  11:57  Assimilator  
  103  11:59  Assimilator  
  103  12:00  Archon x2  
  103  12:01  Archon x2  
  119  12:03  Immortal (Chrono Boost)  
  127  12:09  Immortal (Chrono Boost)  
  127  12:15  Zealot x2  
  135  12:17  Immortal (Chrono Boost)  
  135  12:21  High Templar  
  135  12:22  High Templar  
  139  12:27  Archon  
  139  12:32  Zealot x6  
  139  12:33  Zealot  
  154  12:37  Warp Prism (Chrono Boost)  
  154  12:38  Observer (Chrono Boost)  
  154  12:40  High Templar x2, Zealot  
  162  12:45  Archon  
  162  12:47  Observer (Chrono Boost)  
  163  12:52  Immortal (Chrono Boost)  
  167  13:00  Immortal (Chrono Boost)  
  167  13:01  Immortal (Chrono Boost)  
  167  13:02  Dark Templar  
  167  13:03  Dark Templar  
  179  13:06  Zealot  
  179  13:07  Zealot  
  183  13:17  High Templar x4  
  191  13:20  Archon  
  191  13:21  Archon  
  191  13:23  Protoss Ground Weapons Level 3  
  191  13:28  Protoss Shields Level 1  
  191  13:32  Stalker x2  
  193  13:34  Zealot x2  
  193  13:37  Photon Cannon x2  
  181  14:07  Zealot  
  181  14:09  Zealot x9  
  163  14:11  Zealot  
  163  14:13  Immortal x2 (Chrono Boost)  
  137  14:20  Immortal (Chrono Boost)  
  108  14:33  High Templar x2  
  108  14:34  High Templar x5  
  108  14:35  High Templar  
  128  14:41  Archon x3  
  128  14:42  Archon  
  128  14:45  Immortal (Chrono Boost)  
  124  14:47  Immortal (Chrono Boost)  
  132  14:59  Immortal (Chrono Boost)  
  136  15:02  Probe  
  136  15:03  Probe x3  
  136  15:04  Probe  
  136  15:06  Observer  
  141  15:18  Immortal (Chrono Boost)  
  149  15:27  Immortal x2 (Chrono Boost)  
  153  15:31  High Templar x4  
  153  15:32  High Templar x2  
  153  15:34  Zealot  
  153  15:35  Archon x2  
  167  15:36  Archon  
  167  15:43  Zealot x2  
  167  15:44  Zealot x2  
  149  15:58  Zealot x2  
  111  16:08  High Templar x4  
  111  16:09  Zealot x8  
  123  16:13  Archon x2  
  91  16:30  Zealot  
  91  16:31  Zealot x7  
  89  16:43  Dark Templar x2  
  89  16:44  Dark Templar x2  
  60  16:59  Stalker x6  
  62  17:14  High Templar x3  
  66  17:15  High Templar  
Show
View Real Time Build Order
Export as new Build Order

lIlIlIlIlIlI Terran - Winner!

Build Orders: Reaper Expand, Mech 

Get SALT Encoding   

  12  0:00  SCV  
  13  0:13  SCV  
  14  0:17  Supply Depot  
  14  0:25  SCV  
  14  0:27  Refinery  
  15  0:38  SCV  
  16  0:45  Barracks  
  16  0:51  SCV  
  17  1:03  SCV  
  18  1:15  SCV  
  19  1:32  Orbital Command, Reaper  
  20  1:46  Command Center  
  20  1:58  Factory  
  20  2:00  SCV  
  21  2:06  Barracks Reactor  
  21  2:12  SCV  
  21  2:15  Supply Depot  
  22  2:19  Refinery  
  22  2:24  SCV  
  23  2:36  SCV  
  23  2:48  Hellion  
  23  2:49  Hellion, SCV  
  28  2:57  Orbital Command  
  29  3:04  SCV  
  30  3:10  Cyclone x2  
  35  3:16  SCV  
  36  3:23  SCV  
  37  3:29  SCV  
  38  3:38  Command Center  
  38  3:40  SCV  
  39  3:42  Supply Depot  
  39  3:43  SCV  
  40  3:52  Cyclone  
  40  3:54  SCV  
  40  3:55  SCV  
  41  3:58  Cyclone  
  44  4:06  SCV, Supply Depot  
  44  4:07  SCV  
  44  4:08  Refinery  
  46  4:11  Refinery  
  46  4:18  SCV  
  46  4:19  SCV  
  46  4:30  SCV  
  47  4:31  SCV  
  47  4:36  Factory x2  
  47  4:37  Engineering Bay  
  48  4:41  Barracks Reactor  
  48  4:44  SCV x2  
  50  4:50  Orbital Command  
  50  4:56  SCV x2  
  55  5:00  Cyclone  
  55  5:03  Cyclone  
  58  5:08  SCV x2  
  58  5:12  Missile Turret  
  60  5:17  Missile Turret  
  60  5:21  Factory Tech Lab  
  60  5:22  SCV  
  60  5:23  SCV  
  60  5:25  SCV  
  60  5:34  Missile Turret, SCV  
  60  5:35  SCV  
  62  5:37  SCV  
  62  5:39  Rapid Fire Launchers  
  62  5:42  Siege Tank  
  66  5:49  Armory x2  
  66  5:50  SCV  
  66  5:51  SCV  
  66  5:53  SCV  
  69  5:58  Refinery  
  69  5:59  Refinery  
  69  6:01  Supply Depot  
  69  6:02  SCV  
  69  6:03  SCV  
  71  6:05  SCV  
  72  6:13  Hellion x2  
  76  6:22  Siege Tank  
  76  6:25  SCV x2, Supply Depot  
  80  6:26  SCV  
  80  6:28  Supply Depot  
  82  6:34  Hellion  
  84  6:40  Terran Vehicle Weapons Level 1  
  84  6:41  Terran Vehicle And Ship Armor Level 1  
  84  6:42  SCV  
  84  6:46  SCV x2  
  93  6:47  Hellion x3  
  93  6:54  Thor  
  93  6:55  Factory  
  93  6:59  Infernal Pre-Igniter  
  93  7:01  SCV  
  98  7:03  SCV  
  99  7:09  Factory  
  99  7:11  SCV, Supply Depot  
  99  7:13  SCV  
  101  7:24  Supply Depot  
  101  7:26  Cyclone x2, SCV x2  
  101  7:29  Supply Depot  
  109  7:33  Widow Mine x2  
  109  7:37  SCV  
  113  7:38  SCV  
  113  7:42  SCV  
  105  7:51  Supply Depot  
  105  7:55  Factory Tech Lab  
  105  7:58  Thor  
  111  8:00  SCV x2  
  111  8:02  SCV  
  114  8:06  Missile Turret  
  114  8:08  Command Center  
  114  8:21  SCV x2  
  114  8:22  SCV  
  114  8:24  Factory Tech Lab, Thor  
  114  8:25  Hellion x3  
  129  8:33  SCV x2  
  131  8:34  SCV  
  132  8:45  SCV x2  
  132  8:46  SCV  
  135  8:56  Refinery  
  135  8:57  SCV  
  135  8:58  Siege Tank, SCV x2  
  135  9:01  Terran Vehicle Weapons Level 2  
  135  9:02  Terran Vehicle And Ship Armor Level 2  
  141  9:04  Refinery  
  141  9:05  Supply Depot  
  141  9:06  Supply Depot  
  141  9:07  Supply Depot  
  141  9:20  Hellion x4, Siege Tank, SCV  
  153  9:27  Orbital Command, Thor  
  153  9:30  SCV x2  
  161  9:32  SCV  
  162  9:43  Hellion x4  
  170  9:48  Barracks Tech Lab  
  170  9:49  Supply Depot  
  170  9:50  Supply Depot  
  170  9:53  Barracks  
  170  9:54  Barracks, Ghost Academy  
  122  10:18  Thor x3  
  122  10:19  Hellion  
  109  10:28  SCV x2  
  109  10:29  SCV  
  111  10:38  SCV  
  111  10:40  SCV  
  111  10:41  SCV  
  114  10:53  Barracks Tech Lab  
  114  10:54  Barracks Tech Lab  
  114  10:55  Hellion x4  
  122  10:58  SCV  
  122  11:00  Thor x2, SCV  
  122  11:01  Thor  
  122  11:02  SCV  
  122  11:03  SCV  
  139  11:10  SCV  
  129  11:14  Ghost  
  129  11:16  Hellion x4  
  138  11:23  SCV x2  
  138  11:30  SCV x2  
  134  11:35  Ghost, SCV x2  
  131  11:42  SCV x2  
  131  11:45  Barracks Tech Lab  
  131  11:46  Barracks x2  
  131  11:47  SCV x2  
  131  11:52  Missile Turret  
  131  11:54  SCV x2  
  135  11:59  SCV x2  
  137  12:03  Refinery  
  137  12:06  SCV x2  
  137  12:07  Ghost, Barracks Tech Lab  
  141  12:11  SCV, Personal Cloaking  
  141  12:12  SCV  
  141  12:14  Missile Turret  
  143  12:18  SCV x2  
  143  12:20  Missile Turret x2  
  143  12:21  Missile Turret  
  145  12:23  Terran Vehicle Weapons Level 3, Missile Turret, SCV  
  145  12:24  Terran Vehicle And Ship Armor Level 3  
  145  12:27  Hi-Sec Auto Tracking  
  146  12:35  Hellion  
  146  12:36  Hellion x2  
  154  12:37  Hellion  
  154  12:48  Hellion x2  
  154  12:50  SCV  
  154  12:51  SCV  
  156  12:52  Ghost x2  
  156  12:56  Thor x2  
  172  12:59  Barracks Tech Lab  
  172  13:01  Thor  
  178  13:14  SCV  
  178  13:16  Sensor Tower  
  178  13:19  Ghost  
  181  13:20  Barracks Tech Lab  
  181  13:21  Supply Depot x3  
  181  13:23  Barracks, Supply Depot  
  181  13:28  Ghost x2  
  183  13:42  Thor  
  183  13:44  Ghost  
  183  13:45  Thor  
  183  13:47  Ghost  
  197  13:57  Ghost  
  181  14:15  Ghost x2  
  158  14:18  SCV  
  158  14:19  SCV x3  
  148  14:30  SCV  
  148  14:31  Ghost x2, SCV x3  
  149  14:33  Hellion x3, Thor x2  
  149  14:34  Hellion, Thor  
  149  14:35  Barracks Tech Lab  
  180  14:43  SCV x2  
  180  14:44  Ghost  
  180  14:45  Supply Depot  
  184  14:49  SCV  
  185  14:55  Command Center  
  185  14:57  Ghost  
  185  14:58  Sensor Tower  
  187  15:04  Ghost  
  187  15:05  Hellion x2  
  187  15:07  Supply Depot  
  193  15:09  Ghost x2  
  197  15:18  Terran Ship Weapons Level 1  
  197  15:23  Hellion  
  197  15:25  Smart Servos  
  199  15:50  Starport  
  199  15:51  Starport x2  
  187  16:02  Hellion x4  
  187  16:03  Hellion  
  131  16:27  Thor  
  131  16:28  Thor x2  
  131  16:29  Hellion x4, Marine  
  152  16:50  Hellion  
  146  16:57  Hellion x2  
  146  16:58  Hellion, Starport Tech Lab  
  146  17:00  Starport Reactor  
  152  17:02  Fusion Core  
  152  17:08  Starport Reactor  
  152  17:09  Command Center  
Tags
 
Add a new tag
Caveats
  • Supply blocks, unpowered buildings, or Contaminate may cause inaccurate times.
  • Supply counts are checked every 10 seconds.